 Dungeon Crawl Stone Soup version 0.20-a0-3-g334f831 (webtiles) character file.

265 varam the Twirler (level 5, -3/38 HPs)
             Began as a Demonspawn Gladiator on Oct 30, 2016.
             Killed from afar by an orc wizard (5 damage)
             ... with a magic dart
             ... on level 4 of the Dungeon.
             The game lasted 00:09:26 (3954 turns).

varam the Twirler (Demonspawn Gladiator)            Turns: 3954, Time: 00:09:26

Health: -3/38      AC:  3    Str: 20    XL:     5   Next: 99%
Magic:  5/5        EV: 12    Int: 10    God:
Gold:   145        SH:  0    Dex: 14    Spells: 0 memorised, 4 levels left

rFire  . . .     SeeInvis .     s - +0 flail (protect)
rCold  . . .     Gourm    .     b - +0 leather armour
rNeg   . . .     Faith    .     (no shield)
rPois  .         Spirit   .     (helmet restricted)
rElec  .         Reflect  .     (no cloak)
rCorr  .         Harm     .     (no gloves)
MR     .....                    (no boots)
Stlth  +.........               (no amulet)
                                (no ring)
                                (no ring)

@: mighty, lethally poisoned (-3 -> -4)
A: horns 1, powered by pain 2
a: no special abilities


You were on level 4 of the Dungeon.
You were not hungry.

You visited 1 branch of the dungeon, and saw 4 of its levels.

You collected 145 gold pieces.

Inventory:

Hand Weapons
 a - a +0 quarterstaff
 g - a +0 whip of draining
 s - a +0 flail of protection (weapon)
Missiles
 d - 4 throwing nets (quivered)
Armour
 b - a +0 leather armour (worn)
Jewellery
 j - a cursed -3 ring of evasion {unknown}
Scrolls
 e - a scroll of teleportation {unknown}
 l - a scroll of magic mapping {unknown}
 n - a scroll of enchant armour {unknown}
 o - a scroll of random uselessness {unknown}
 r - a scroll of recharging {unknown}
 t - 2 scrolls of remove curse {unknown}
 u - a scroll of fog {unknown}
 v - a scroll of identify {unknown}
Potions
 c - a potion of agility {unknown}
 h - a potion of haste {unknown}
 i - a potion of magic {unknown}
 m - a potion of might {unknown}
Comestibles
 f - 4 bread rations
 k - a beef jerky
 p - 5 fruits


   Skills:
 - Level 2.0 Fighting
 + Level 6.1 Staves
 - Level 1.7 Throwing
 - Level 2.6 Dodging


You had 4 spell levels left.
You didn't know any spells.

Dungeon Overview and Level Annotations

Branches:
Dungeon (4/15)
 Temple: D:4-7

Altars:
Sif Muna
Uskayaw
Vehumet


Innate Abilities, Weirdness & Mutations

You have a pair of small horns on your head.
You sometimes gain power by taking damage.


Message History

The orc wizard shouts!
You hit the orc wizard but do no damage.
The orc wizard casts a spell at you. The magic dart hits you!
You barely miss the orc wizard. You headbutt the orc wizard.
The orc wizard is heavily wounded.
The orc wizard gestures at you while chanting.
The puff of flame hits you!
* * * LOW HITPOINT WARNING * * *
You focus on the pain.
You feel very mighty all of a sudden.
* * * LOW HITPOINT WARNING * * *
You feel sick.
The orc wizard gestures at you while chanting.
The puff of flame misses you.
* * * LOW HITPOINT WARNING * * *
You feel sick. The orc wizard casts a spell at you. The magic dart hits you!
You die...

#.# #.# #.# #.###
#######.# #...########
#.......# ####.........
#.####### #.......(.##
##.############.#######.#
#.....<.))......# ##.# #
.....###############o#.o#
......#.........@..o###.#
........############.# .#
......#.# #.# . .....##.#
#.### #...###.# #.. #..##
#.# ### #.## #.# .. #.# #
.#


You could see an orc wizard and an orc.

Vanquished Creatures
  A gnoll shaman (D:4)
  Ijyb (D:2)
  7 gnolls
  5 adders
  An ooze (D:2)
  A worm (D:2)
  A dart slug (D:1)
  3 leopard geckos
  6 orcs
  A ball python (D:1)
  9 bats
  3 giant cockroaches
  6 goblins
  11 hobgoblins
  3 jackals (D:1)
  A quokka (D:3)
  6 frilled lizards
  14 kobolds
  5 rats
85 creatures vanquished.

Notes
Turn   | Place    | Note
-------+----------+-------------------------------------------
     0 | D:1      | varam the Demonspawn Gladiator began the quest for the Orb.
     0 | D:1      | Reached XP level 1. HP: 16/16 MP: 1/1
   489 | D:1      | Reached skill level 3 in Staves
   563 | D:1      | Gained mutation: You sometimes gain a little power by taking damage. [demonic ancestry]
   563 | D:1      | Reached XP level 2. HP: 22/22 MP: 2/2
   919 | D:1      | Gained mutation: You have a pair of small horns on your head. [demonic ancestry]
   919 | D:1      | Reached XP level 3. HP: 9/27 MP: 3/3
  1353 | D:1      | Reached skill level 4 in Staves
  1843 | D:2      | Gained mutation: You sometimes gain power by taking damage. [demonic ancestry]
  1843 | D:2      | Reached XP level 4. HP: 10/33 MP: 4/4
  2541 | D:2      | Noticed Ijyb
  2559 | D:2      | Killed Ijyb
  2559 | D:2      | Reached skill level 5 in Staves
  2689 | D:2      | Reached XP level 5. HP: 38/38 MP: 5/5
  2774 | D:2      | Found a deep blue altar of Sif Muna.
  2777 | D:2      | Found a radiant altar of Vehumet.
  2780 | D:2      | Found a hide-covered altar of Uskayaw.
  2835 | D:2      | HP: 2/38 [orc/hand axe (3)]
  3660 | D:4      | Reached skill level 6 in Staves
  3949 | D:4      | HP: 3/38 [orc wizard/puff of flame (11)]
  3954 | D:4      | HP: 2/38 [poisoned by an adder]
  3954 | D:4      | Killed from afar by an orc wizard

Vault maps used:
D:1:      nagdon_arrival_double_spiral, serial_park_tiny_2, minmay_tetromino_i4
D:2:      grunt_temple_overflow_diamond, uniq_iyjb
D:3:      chequers_temple_overflow_minitemple, first_bread,
          nicolae_underground_beach, uniq_sigmund
D:4:      enter_ossuary_5, hangedman_abyss_or_decor_lesser_grid

Skill      XL: |  1  2  3  4  5 |
---------------+----------------+-----
Staves         | 3 4 5 6 |  6.1
Fighting       | |  2.0
Throwing       | |  1.7
Dodging        | |  2.6

Action                   |  1- 3 |  4- 6 || total
-------------------------+-------+-------++-------
Melee: Quarterstaff      |   112 |    60 ||   172
       Whip              |    15 |       ||    15
       Headbutt          |     6 |    25 ||    31
       Flail             |       |    72 ||    72
  Use: Potion            |       |     2 ||     2
 Stab: Sleeping          |     1 |       ||     1
  Eat: Chunk             |     3 |     7 ||    10
Armor: Leather armour    |    46 |    30 ||    76
Dodge: Dodged            |   108 |    75 ||   183
